 Dungeon Crawl Stone Soup version 0.29-a0-67-g1d65ae1bb4 (webtiles) character file.

Game seed: 5989115873631755666

1092 Gargoyl the Skirmisher (level 8, 0/67 HPs)
             Began as a Gnoll Abyssal Knight on Feb 3, 2022.
             Was a Priest of Lugonu.
             Slain by an orc warrior (12 damage)
             ... on level 5 of the Dungeon.
             The game lasted 00:05:55 (5679 turns).

Gargoyl the Skirmisher (Gnoll Abyssal Knight)       Turns: 5679, Time: 00:05:55

Health: 0/67       AC:  9    Str: 14    XL:     8   Next: 31%
Magic:  12/12      EV: 12    Int: 11    God:    Lugonu [***...]
Gold:   217        SH:  0    Dex: 14    Spells: 13/13 levels left

rFire   . . .      SeeInvis .   l - +1 halberd (venom)
rCold   . . .      Faith    .   (shield currently unavailable)
rNeg    . . .      Spirit   .   g - +1 ring mail
rPois   .          Reflect  .   e - +2 hat
rElec   .          Harm     .   (no cloak)
rCorr   .          Rampage  .   (no gloves)
Will    .....                   (no boots)
Stlth   +++.......              (no amulet)
HPRegen 0.21/turn               (no ring)
MPRegen 0.13/turn               (no ring)

@: on berserk cooldown, flying, hasted and slowed
A: fangs 1, strong nose, distributed training, thin skeletal structure 1
a: Renounce Religion, Depart the Abyss, Bend Space, Banish


You were on level 5 of the Dungeon.
You worshipped Lugonu.
Lugonu was most pleased with you.
You visited 1 branch of the dungeon, and saw 6 of its levels.
You visited the Abyss 1 time.

You collected 217 gold pieces.

Inventory:

Hand Weapons
 a - a +2 hand axe
 l - a +1 halberd of venom (weapon)
Missiles
 i - 2 poisoned darts (quivered)
Armour
 e - a +2 hat (worn)
 g - a +1 ring mail (worn)
Wands
 j - a wand of flame (8)
Potions
 f - a potion of curing


   Skills:
 + Level 7.3 Fighting
 + Level 3.1 Short Blades
 + Level 3.1 Long Blades
 + Level 5.6 Axes
 + Level 3.1 Maces & Flails
 + Level 3.1 Polearms
 + Level 3.1 Staves
 + Level 3.1 Slings
 + Level 3.1 Bows
 + Level 3.1 Crossbows
 + Level 3.1 Throwing
 + Level 5.6 Armour
 + Level 4.1 Dodging
 + Level 3.1 Stealth
 + Level 3.1 Shields
 + Level 3.1 Unarmed Combat
 + Level 3.1 Spellcasting
 + Level 2.5 Conjurations
 + Level 2.5 Hexes
 + Level 2.5 Summonings
 + Level 2.5 Necromancy
 + Level 2.5 Translocations
 + Level 2.5 Transmutations
 + Level 2.5 Fire Magic
 + Level 2.5 Ice Magic
 + Level 2.5 Air Magic
 + Level 2.5 Earth Magic
 + Level 2.5 Poison Magic
 + Level 5.8 Invocations
 + Level 3.1 Evocations


You had 13 spell levels left.
You didn't know any spells.
Your spell library contained the following spells:

 Spells                   Type           Power      Damage    Failure   Level
 Beastly Appendage        Tmut           14%        N/A       17%         1
 Freeze                   Ice            28%        1d5       17%         1
 Corpse Rot               Necr/Air       14%        N/A       26%         2
 Poisonous Vapours        Pois/Air       14%        N/A       26%         2
 Wereblood                Tmut           7%         N/A       26%         2
 Frozen Ramparts          Ice            14%        1d3       45%         3
 Spider Form              Tmut/Pois      7%         N/A       45%         3
 Hailstorm                Conj/Ice       7%         3d4       86%         4
 Ice Form                 Ice/Tmut       7%         N/A       86%         4
 Summon Ice Beast         Ice/Summ       7%         N/A       86%         4
 Summon Forest            Summ/Tloc      3%         N/A       99%         5
 Summon Mana Viper        Hex/Summ       7%         N/A       99%         5
 Summon Cactus Giant      Summ           3%         N/A       100%        6


Dungeon Overview and Level Annotations

Branches:
Dungeon (6/15)
 Temple: D:4-7

Altars:
Xom


Innate Abilities, Weirdness & Mutations

You have very sharp teeth.
Your uncanny sense of smell can sniff out nearby items.
Your experience applies equally to all skills.
You have a somewhat thin skeletal structure. (Dex +2, Stealth+)


Message History

You barely miss something.
You are no longer berserk.
You are exhausted.
You feel yourself slow down. Something completely misses you.
You completely miss something. Something hits you.
* * * LOW HITPOINT WARNING * * *
Something hits you.
* * * LOW HITPOINT WARNING * * *
Unknown command.
You closely miss something.
Something hits you but does no damage. x2
Unknown command.
You feel yourself speed up. Something hits you but does no damage.
Something barely misses you.
You hear some strange, mumbled words.
Something tries to affect you, but you resist.
You hear some strange, mumbled words.
You are confused.
You are too confused!
It was a potion of flight.
You feel very buoyant.
You fly up into the air.
It was a potion of curing.
You feel better.
You hit the adder.
The adder is poisoned.
You bite the adder, but do no damage.
The adder is heavily wounded.
You kill the adder!
Lugonu accepts your kill.
It was a potion of mutation.
You feel extremely strange.
Your bones become slightly less dense.
Reach: l) +1 halberd (venom)
Press: ? - help, Dir - move target, f - orc warrior
Aim: an orc warrior, wielding a +0 flail and wearing a +0 chain mail (about 47% to evade your +1 halberd of venom)
You reach to attack!
You hit the orc warrior.
The orc warrior is lightly wounded.
The orc warrior hits you with a +0 flail!
* * * LOW HITPOINT WARNING * * *
You hit the orc warrior.
The orc warrior is poisoned.
You bite the orc warrior, but do no damage.
The orc warrior is moderately wounded.
The orc warrior hits you with a +0 flail!
You die...

#.####################.
#.....>)......o@.......
############.####.###..
#.# .# ∆ ..# .. #### ..
#.


You could see an orc warrior (very poisoned).

Vanquished Creatures
  2 black bears
  A sky beast (D:6)
  3 ogres
  Blork the orc (D:4)
  A howler monkey (D:4)
  A centaur zombie (D:6)
  A hound (D:4)
  An orc priest (D:4)
  Jessica (D:3)
  A centaur skeleton (D:4)
  An iguana (D:4)
  Natasha (twice) (D:3)
  An orc wizard (D:5)
  4 gnolls (D:4)
  7 adders
  An ufetubus (D:2)
  An adder skeleton (D:2)
  3 worms (D:2)
  2 dart slugs (D:1)
  10 orcs (D:4)
  7 ball pythons
  4 bats (D:1)
  7 endoplasms
  2 giant cockroaches
  4 goblins
  8 hobgoblins
  6 jackals
  3 kobolds
  7 quokkas
  2 frilled lizards (D:2)
  3 rats (D:2)
98 creatures vanquished.

Notes
Turn   | Place    | Note
-------+----------+-------------------------------------------
     0 | Abyss:1  | Gargoyl the Gnoll Abyssal Knight began the quest for the
                  | Orb.
     0 | Abyss:1  | Reached XP level 1. HP: 23/23 MP: 3/3
     0 | D:1      | Escaped the Abyss
    29 | D:1      | Reached * piety under Lugonu
   119 | D:1      | Reached XP level 2. HP: 20/29 MP: 5/5
   239 | D:1      | Found a faded altar of an unknown god.
   548 | D:1      | Reached XP level 3. HP: 23/35 MP: 6/6
  1310 | D:2      | Reached skill level 1 in Short Blades
  1310 | D:2      | Reached skill level 1 in Long Blades
  1310 | D:2      | Reached skill level 1 in Maces & Flails
  1310 | D:2      | Reached skill level 1 in Polearms
  1310 | D:2      | Reached skill level 1 in Staves
  1310 | D:2      | Reached skill level 1 in Slings
  1310 | D:2      | Reached skill level 1 in Bows
  1310 | D:2      | Reached skill level 1 in Crossbows
  1310 | D:2      | Reached skill level 1 in Throwing
  1310 | D:2      | Reached skill level 1 in Stealth
  1310 | D:2      | Reached skill level 1 in Shields
  1310 | D:2      | Reached skill level 1 in Unarmed Combat
  1310 | D:2      | Reached skill level 1 in Spellcasting
  1310 | D:2      | Reached skill level 1 in Evocations
  1540 | D:2      | Reached XP level 4. HP: 35/41 MP: 7/7
  2106 | D:2      | Reached ** piety under Lugonu
  2107 | D:2      | Reached skill level 1 in Conjurations
  2107 | D:2      | Reached skill level 1 in Hexes
  2107 | D:2      | Reached skill level 1 in Summonings
  2107 | D:2      | Reached skill level 1 in Necromancy
  2107 | D:2      | Reached skill level 1 in Translocations
  2107 | D:2      | Reached skill level 1 in Transmutations
  2107 | D:2      | Reached skill level 1 in Fire Magic
  2107 | D:2      | Reached skill level 1 in Ice Magic
  2107 | D:2      | Reached skill level 1 in Air Magic
  2107 | D:2      | Reached skill level 1 in Earth Magic
  2107 | D:2      | Reached skill level 1 in Poison Magic
  2778 | D:3      | Noticed Jessica
  2789 | D:3      | Killed Jessica
  2790 | D:3      | Reached XP level 5. HP: 40/47 MP: 8/8
  2948 | D:3      | Noticed Natasha
  2962 | D:3      | Killed Natasha
  3023 | D:3      | Found a shimmering altar of Xom.
  3330 | D:3      | Noticed Natasha
  3340 | D:3      | Killed Natasha
  3701 | D:4      | Reached skill level 5 in Invocations
  3701 | D:4      | Reached XP level 6. HP: 33/53 MP: 9/9
  3847 | D:4      | Reached skill level 5 in Axes
  3847 | D:4      | Reached skill level 5 in Armour
  4552 | D:4      | Noticed Blork the orc
  4563 | D:4      | Killed Blork the orc
  4564 | D:4      | Reached skill level 7 in Fighting
  4564 | D:4      | Reached XP level 7. HP: 30/60 MP: 10/10
  4625 | D:4      | Reached *** piety under Lugonu
  5104 | D:5      | Entered Level 5 of the Dungeon
  5464 | D:5      | You fall into a shaft and drop 1 floor!
  5471 | D:6      | Reached XP level 8. HP: 67/67 MP: 12/12
  5677 | D:5      | Gained mutation: You have a somewhat thin skeletal
                  | structure. (Dex +2, Stealth+) [potion of mutation]
  5679 | D:5      | Slain by an orc warrior

Illustrated notes

Levels and vault maps discovered:
D:1:      minmay_arrival_semitransparent, layout_rooms,
          hellmonk_ecumenical_altar_crossroads
D:2:      layout_loops_corners, minmay_close_crescents
D:3:      layout_loops_ring, lemuel_coloured_pillars_altar, uniq_jessica,
          uniq_natasha
D:4:      layout_basic, uniq_blork_the_orc
D:5:      layout_basic, chequers_temple_overflow_statue_of_worship,
          minmay_temple_entry_waves, serial_shops, nicolae_lakefront_shop
D:6:      layout_rooms, serial_shops, nicolae_shop_statue_plus

Skill      XL: |  1  2  3  4  5  6  7  8 |
---------------+-------------------------+-----
Short Blades   | 1 2 3 |  3.1
Long Blades    | 1 2 3 |  3.1
Maces & Flails | 1 2 3 |  3.1
Polearms       | 1 2 3 |  3.1
Staves         | 1 2 3 |  3.1
Slings         | 1 2 3 |  3.1
Bows           | 1 2 3 |  3.1
Crossbows      | 1 2 3 |  3.1
Throwing       | 1 2 3 |  3.1
Stealth        | 1 2 3 |  3.1
Shields        | 1 2 3 |  3.1
Unarmed Combat | 1 2 3 |  3.1
Spellcasting   | 1 2 3 |  3.1
Evocations     | 1 2 3 |  3.1
Conjurations   | 1 2 |  2.5
Hexes          | 1 2 |  2.5
Summonings     | 1 2 |  2.5
Necromancy     | 1 2 |  2.5
Translocations | 1 2 |  2.5
Transmutations | 1 2 |  2.5
Fire Magic     | 1 2 |  2.5
Ice Magic      | 1 2 |  2.5
Air Magic      | 1 2 |  2.5
Earth Magic    | 1 2 |  2.5
Poison Magic   | 1 2 |  2.5
Dodging        | 3 4 |  4.1
Invocations    | 5 |  5.8
Axes           | 5 |  5.6
Armour         | 5 |  5.6
Fighting       | 7 |  7.3

Action                   |  1- 3 |  4- 6 |  7- 9 || total
-------------------------+-------+-------+-------++-------
Melee: Hand axe          |   100 |   131 |       ||   231
       Bite              |     7 |    15 |     7 ||    29
       Punch             |     1 |     2 |       ||     3
       Halberd           |       |    42 |    58 ||   100
Throw: Dart              |       |       |     3 ||     3
Invok: Depart the Abyss  |     1 |       |       ||     1
Evoke: Wand              |       |     4 |     4 ||     8
  Use: Scroll            |     1 |     3 |     3 ||     7
       Potion            |       |       |     5 ||     5
 Stab: Sleeping          |     1 |     2 |     1 ||     4
Armor: Leather armour    |    40 |    12 |       ||    52
       Ring mail         |       |    37 |    53 ||    90
Dodge: Dodged            |    77 |   103 |    41 ||   221

Table legend: (Time is in decaauts)
 A = Elapsed time spent in this place.
 B = Non-inter-level travel time spent in this place.
 C = Inter-level travel time spent in this place.
 D = Time resting spent in this place.
 E = Time spent auto-exploring this place.
 F = Levels seen in this place.
 G = Mean time per level.
                   A        B        C        D        E       F      G
               +--------+--------+--------+--------+--------+-----+--------+
         Total |   5725 |   5614 |    111 |    139 |   4506 |   7 |  817.9 |
       Dungeon |   5725 |   5614 |    111 |    139 |   4506 |   6 |  954.2 |
         Abyss |      0 |      0 |      0 |      0 |      0 |   1 |    0.0 |
               +--------+--------+--------+--------+--------+-----+--------+

Top non-repeatable levels by time:
     D:2: 1891 daAuts
     D:4: 1488 daAuts
     D:1: 895 daAuts
     D:3: 867 daAuts
     D:5: 397 daAuts
     D:6: 185 daAuts
